 Dungeon Crawl Stone Soup version 0.30.1-3-gfc49f6343a (webtiles) character file.

Game seed: 6942798842726930601

47818 cdecastro the Tortoise (level 14, -4/120 HPs)
             Began as an Armataur Warper on Aug 2, 2023.
             Was a High Priest of the Shining One.
             Slain by a dire elephant (7 damage)
             ... on level 5 of the Lair of Beasts.
             The game lasted 00:53:24 (21931 turns).

cdecastro the Tortoise (Armataur Warper)           Turns: 21931, Time: 00:53:25

Health: -4/120     AC: 36    Str: 27    XL:     14   Next: 10%
Magic:  13/13      EV:  5    Int: 17    God:    the Shining One [*****.]
Gold:   1220       SH:  0    Dex: 11    Spells: 16/16 levels left

rFire   + . .        b - +0 morningstar "Darump" {protect, rElec rPois rC- rCorr}
rCold   . . .        (no shield)
rNeg    + + .        W - +0 gold dragon scales
rPois   +            (helmet restricted)
rElec   +            y - +0 cloak
rCorr   +            t - +0 pair of gloves of the Lair of Beasts {Int+4}
SInv    .            (no barding)
Will    +....        h - amulet of the acrobat Stlth
                     H - +4 ring of protection
HPRegen 0.40/turn    v - +6 ring of strength
MPRegen 0.13/turn

%: acrobat, roll
@: under a protective aura, glowing
A: large, rugged brown scales 3, deformed body, armoured tail, roll, long
tongue, awkward tongue, horns 1, iridescent scales 1, low MP 2, poison
resistance
a: Renounce Religion, Divine Shield, Cleansing Flame, Summon Divine Warrior


You were on level 5 of the Lair of Beasts.
You worshipped the Shining One.
The Shining One was extremely pleased with you.
You visited 3 branches of the dungeon, and saw 17 of its levels.
You also visited: Bailey and Gauntlet.

You collected 1220 gold pieces.

Inventory:

Hand Weapons
 a - the +6 quarterstaff of the Moon {antimagic, *Noise rElec rC+++ rCorr}
   (You found it on level 6 of the Dungeon)

   rC:        It renders you almost immune to cold.
   rElec:     It insulates you from electricity.
   *Noise:    It may make noises in combat.
   rCorr:     It protects you from acid and corrosion.
 b - the +0 morningstar "Darump" (weapon) {protect, rElec rPois rC- rCorr}
   (You took it off a minotaur in a Gauntlet)

   rC:        It makes you vulnerable to cold.
   rElec:     It insulates you from electricity.
   rPois:     It protects you from poison.
   rCorr:     It protects you from acid and corrosion.
Missiles
 d - 7 boomerangs of dispersal
 f - 6 atropa-tipped darts
 x - 6 javelins
 F - 4 boomerangs
 K - 4 datura-tipped darts
 Q - 5 curare-tipped darts (quivered)
 T - 5 silver javelins
Armour
 t - the +0 pair of gloves of the Lair of Beasts (worn) {Int+4}
   (You found it in a Gauntlet)

   Int:       It affects your intelligence (+4).
 y - a +0 cloak (worn)
 W - +0 gold dragon scales (worn)
Jewellery
 h - an amulet of the acrobat (around neck)
 k - a ring of protection from cold
 q - a ring of fire
 v - a +6 ring of strength (right hand)
 H - a +4 ring of protection (left hand)
 L - a ring of wizardry
 U - the ring of Nuimic {rCorr Int+5 Dex+2}
   (You took it off a minotaur in a Gauntlet)

   [ring of resist corrosion]

   Int:       It affects your intelligence (+5).
   Dex:       It affects your dexterity (+2).
   rCorr:     It protects you from acid and corrosion.
Wands
 p - a wand of paralysis (7)
 B - a wand of light (4)
 J - a wand of polymorph (8)
 M - a wand of flame (16)
 Z - a wand of roots (19)
Scrolls
 c - a scroll of blinking
 e - 6 scrolls of magic mapping
 g - 9 scrolls of teleportation
 j - 3 scrolls of immolation
 u - 5 scrolls of fear
 w - 3 scrolls of enchant weapon {unknown}
 z - 5 scrolls of noise {unknown}
 A - 2 scrolls of poison {unknown}
 C - 3 scrolls of fog {unknown}
 D - 2 scrolls of enchant armour {unknown}
 G - 5 scrolls of vulnerability
 V - a scroll of silence {unknown}
Potions
 i - 8 potions of curing
 l - a potion of lignification
 m - 3 potions of mutation
 n - a potion of ambrosia {unknown}
 o - a potion of invisibility
 r - 5 potions of cancellation
 s - 7 potions of attraction
 E - 4 potions of haste
 I - 3 potions of brilliance
 N - 3 potions of magic
 O - 4 potions of flight
 P - a potion of berserk rage {unknown}
 R - 8 potions of heal wounds
Miscellaneous
 S - a phantom mirror
 X - a box of beasts
 Y - a condenser vane


   Skills:
 - Level 7.0 Fighting
 + Level 15.6 Maces & Flails
 - Level 0.8 Throwing
 - Level 19.3 Armour
 - Level 1.3 Dodging
 - Level 1.7 Spellcasting
 - Level 3.0 Translocations


You had 16 spell levels left.
You didn't know any spells.
Your spell library contained the following spells:

 Spells                   Type           Power      Damage    Failure   Level
 Blink                    Tloc           22%        N/A       75%         2
 Lesser Beckoning         Tloc           22%        N/A       75%         2
 Gell's Gravitas          Tloc           11%        N/A       93%         3
 Teleport Other           Tloc           11%        N/A       93%         3
 Beastly Appendage        Tmut           2%         N/A       95%         1
 Kiss of Death            Conj/Necr      4%         2d5       95%         1
 Slow                     Hex            4%         N/A       95%         1
 Ensorcelled Hibernation  Hex/Ice        2%         N/A       99%         2
 Passwall                 Tmut/Erth      0%         N/A       99%         2
 Poisonous Vapours        Pois/Air       2%         N/A       99%         2
 Wereblood                Tmut           1%         N/A       99%         2
 Vhi's Electric Charge    Tloc/Air       12%        N/A       99%         3
 Confusing Touch          Hex            1%         N/A       100%        3
 Frozen Ramparts          Ice            2%         1d1       100%        3
 Hailstorm                Conj/Ice       1%         3d3       100%        3
 Inner Flame              Hex/Fire       1%         N/A       100%        3
 Mephitic Cloud           Conj/Pois/Air  1%         N/A       100%        3
 Ozocubu's Armour         Ice            1%         N/A       100%        3
 Spider Form              Tmut/Pois      1%         N/A       100%        3
 Swiftness                Air            1%         N/A       100%        3
 Vampiric Draining        Necr           1%         2d6       100%        3
 Dispel Undead            Necr           1%         3d6       100%        4
 Flame Wave               Conj/Fire      1%         2d4       100%        4
 Ice Form                 Ice/Tmut       1%         N/A       100%        4
 Leda's Liquefaction      Hex/Erth       0%         N/A       100%        4
 Manifold Assault         Tloc           11%        N/A       100%        4
 Sticky Flame             Conj/Fire      1%         2d3       100%        4
 Summon Ice Beast         Ice/Summ       1%         N/A       100%        4
 Freezing Cloud           Conj/Ice/Air   0%         6-21      100%        5
 Lee's Rapid Deconstruct  Erth           0%         3d4*      100%        5
 Summon Forest            Summ/Tloc      3%         N/A       100%        5
 Summon Mana Viper        Hex/Summ       1%         N/A       100%        5
 Dispersal                Tloc           5%         N/A       100%        6
 Simulacrum               Ice/Necr       0%         N/A       100%        6
 Statue Form              Tmut/Erth      0%         N/A       100%        6
 Summon Cactus Giant      Summ           0%         N/A       100%        6
 Ozocubu's Refrigeration  Ice            0%         4d7       100%        7


Dungeon Overview and Level Annotations

Branches:
Dungeon (11/15)            Temple (1/1) D:5            Lair (5/5) D:9
 Shoals (0/4) Lair:2        Snake (0/4) Lair:3        Slime (0/5) Lair:5
    Orc (0/2) D:10         Bailey (visited)         Gauntlet (visited)

Altars:
Ashenzari
Cheibriados
Dithmenos
Elyvilon
Fedhas
Gozag
Hepliaklqana
Kikubaaqudgha
Makhleb
Nemelex Xobeh
Okawaru
Qazlal
Ru
Sif Muna
Trog
Uskayaw
Vehumet
Wu Jian
Xom
Yredelemnul
Zin
The Shining One
Jiyva

Annotations:
D:11 1 runed translucent door, Wiggles's ghost, journeyman MiBe
Lair:1 3 runed translucent doors, tal's ghost, journeyman MiFi


Innate Abilities, Weirdness & Mutations

You are completely covered in rugged brown scales. (AC +3, +7% HP)
Armour fits poorly on your strangely shaped body.
You have a long armoured tail.
You roll when moving toward enemies. (Rampage)
Your long tongue fully drains potion bottles. (2x potion effects)
Your tongue gives you trouble enunciating. (1.5x scroll delay)
You have a pair of small horns on your head.
You are partially covered in iridescent scales. (AC +2)
Your magical capacity is very low. (-20% MP)
Your system is resistant to poisons. (rPois)


Message History

The dire elephant closely misses you. The dire elephant trunk-slaps you!
* * * LOW HITPOINT WARNING * * *
You hit the dire elephant.
You tail-slap the dire elephant, but do no damage.
The dire elephant is severely wounded.
The dire elephant tramples you!!
* * * LOW HITPOINT WARNING * * *
You stumble backwards!
You hit the dire elephant.
The dire elephant is severely wounded.
You hit the dire elephant but do no damage.
You headbutt the dire elephant! You tail-slap the dire elephant.
The dire elephant is severely wounded.
The dire elephant barely misses you.
The dire elephant trunk-slaps you but does no damage.
You hit the dire elephant but do no damage.
You headbutt the dire elephant.
You tail-slap the dire elephant, but do no damage.
The dire elephant is almost dead.
The dire elephant tramples you but does no damage.
The dire elephant trunk-slaps you!
* * * LOW HITPOINT WARNING * * *
You hit the dire elephant. You headbutt the dire elephant.
You tail-slap the dire elephant!
The dire elephant is almost dead.
Unknown command.
You hit the dire elephant but do no damage.
The dire elephant is almost dead.
The dire elephant tramples you.
* * * LOW HITPOINT WARNING * * *
You stumble backwards!
Unknown command.
You hit the dire elephant but do no damage.
You headbutt the dire elephant.
You tail-slap the dire elephant, but do no damage.
The dire elephant is almost dead.
The dire elephant tramples you!!
* * * LOW HITPOINT WARNING * * *
You hold your ground!
The dire elephant trunk-slaps you!
You die...

........#.P...# #P..#
........#.....#
Y...##...#.P.#
........##..÷.##
8..#....#..P#
##.......##....#
÷.Y...##..##
.#........##...###
.....#..##
#..........#.....###Y..÷#.##
##.........##....♣.##.÷...##
#..#......<##..P...##....P#
###.#.......###@Y...†...♣
##.#.......#########P..#
##.....P### ##.# ######## #


You could see a dire elephant.

Vanquished Creatures
  A minotaur (Gauntlet)
  2 vault guards (Bailey)
  3 hydras
  3 two-headed ogres
  A catoblepas (Lair:5)
  A deep troll shaman (Lair:5)
  A hell hog (Gauntlet)
  6 death yaks (Lair:5)
  A fire crab (Gauntlet)
  A skyshark (Lair:3)
  A lindwurm (Lair:5)
  Pikel (D:7)
  2 manticores
  5 black mambas
  6 elephants
  A gargoyle (D:10)
  12 cane toads
  2 kobold demonologists
  An unseen horror (D:11)
  4 komodo dragons
  A troll (D:9)
  4 polar bears
  Prince Ribbit (Bailey)
  A wind drake (Lair:1)
  4 hornets
  9 blink frogs
  A jumping spider (Lair:5)
  7 wyverns
  4 centaur simulacra (D:11)
  A wraith (D:11)
  53 yaks
  7 fire bats (Gauntlet)
  6 humans (Bailey)
  4 basilisks
  4 steam dragons
  6 vampire mosquitoes
  A warg (D:10)
  An acid dragon (D:10)
  3 nagas (Lair:3)
  8 water moccasins
  A hell hound (Gauntlet)
  7 ice beasts
  3 sky beasts
  4 orc warriors (D:10)
  2 black bears (D:6)
  2 ogres (D:10)
  5 centaurs
  18 wolves
  8 kobold brigands
  11 bullfrogs
  4 scorpions
  6 killer bees (D:10)
  A howler monkey (D:7)
  6 electric eels (D:9)
  8 jellies
  4 orc priests
  9 hounds
  A sleepcap (D:8)
  An iguana (D:6)
  2 gnoll boudas
  8 orc wizards
  11 gnolls
  4 adders
  3 white imps
  4 ufetubi
  2 worms
  3 dart slugs
  47 orcs
  7 endoplasms
  2 giant cockroaches (D:1)
  10 goblins
  7 hobgoblins
  6 jackals
  3 quokkas
  8 ball pythons
  7 bats
  6 frilled lizards
  30 kobolds
  6 rats
458 creatures vanquished.

Notes
Turn   | Place    | Note
-------+----------+-------------------------------------------
     0 | D:1      | cdecastro the Armataur Warper began the quest for the Orb.
     0 | D:1      | Reached XP level 1. HP: 18/18 MP: 3/3
   121 | D:1      | Reached XP level 2. HP: 23/25 MP: 4/4
   437 | D:1      | You fall into a shaft and drop 1 floor!
   683 | D:1      | Reached XP level 3. HP: 31/31 MP: 5/5
  1068 | D:2      | Found a shimmering altar of Xom.
  1356 | D:2      | Reached XP level 4. HP: 30/38 MP: 6/6
  1453 | D:2      | Identified the +0 leather armour of Unreason {Contam rElec
                  | Str+5}
  2330 | D:3      | Reached XP level 5. HP: 36/43 MP: 7/7
  2527 | D:3      | Reached skill level 5 in Maces & Flails
  3647 | D:5      | Entered Level 5 of the Dungeon
  3677 | D:5      | Reached XP level 6. HP: 41/51 MP: 8/8
  3803 | D:5      | Found a staircase to the Ecumenical Temple.
  3823 | Temple   | Entered the Ecumenical Temple
  3939 | Temple   | Became a worshipper of the Shining One
  3959 | D:5      | Noticed a water moccasin
  4085 | D:5      | Gained mutation: You are partially covered in iridescent
                  | scales. (AC +2) [potion of mutation]
  4085 | D:5      | Gained mutation: Your magical capacity is low. (-10% MP)
                  | [potion of mutation]
  4085 | D:5      | Gained mutation: Your magical capacity is very low. (-20%
                  | MP) [potion of mutation]
  4085 | D:5      | Gained mutation: Your system is resistant to poisons.
                  | (rPois) [potion of mutation]
  4085 | D:5      | Gained mutation: You have a pair of small horns on your
                  | head. [potion of mutation]
  4405 | D:5      | Found a faded altar of an unknown god.
  4405 | D:5      | Found an ancient bone altar of Kikubaaqudgha.
  4412 | D:5      | Found a faded altar of an unknown god.
  4417 | D:5      | Found a glowing silver altar of Zin.
  4419 | D:5      | Found a shadowy altar of Dithmenos.
  4926 | D:6      | Found an ornate altar of the Wu Jian Council.
  4935 | D:6      | Found a shimmering altar of Xom.
  4988 | D:6      | Reached skill level 2 in Armour
  4988 | D:6      | Reached XP level 7. HP: 56/56 MP: 7/7
  5021 | D:6      | Reached skill level 3 in Armour
  5179 | D:6      | Reached skill level 4 in Armour
  5181 | D:6      | Identified the +6 quarterstaff of the Moon {antimagic,
                  | *Noise rElec rC+++ rCorr}
  5203 | D:6      | Reached skill level 5 in Armour
  5233 | D:6      | Reached skill level 6 in Armour
  5359 | D:6      | Noticed a steam dragon
  5388 | D:6      | Reached XP level 8. HP: 41/64 MP: 2/8
  5553 | D:6      | Reached skill level 7 in Armour
  6051 | D:7      | Found a snail-covered altar of Cheibriados.
  6165 | D:7      | Noticed Pikel
  6189 | D:7      | Killed Pikel
  6340 | D:7      | Reached XP level 9. HP: 71/71 MP: 3/9
  6387 | D:7      | Found a bloodstained altar of Trog.
  6463 | D:7      | Found a sacrificial altar of Ru.
  6637 | D:7      | Found a hide-covered altar of Uskayaw.
  6745 | D:7      | Reached skill level 10 in Maces & Flails
  7644 | D:8      | Found an iron altar of Okawaru.
  8630 | D:9      | Reached * piety under the Shining One
  8676 | D:9      | Found a staircase to the Lair.
  8849 | D:9      | Noticed a troll
  8858 | D:9      | Killed a troll
  8859 | D:9      | Reached XP level 10. HP: 42/78 MP: 3/10
  9007 | D:9      | Identified the orb of the Nexus {guile, rElec Int+3 Dex+3
                  | Stlth-}
  9134 | D:9      | Found a shimmering blue altar of Sif Muna.
  9168 | D:9      | Noticed a two-headed ogre
  9175 | D:9      | Killed a two-headed ogre
  9214 | D:9      | Noticed a two-headed ogre
  9238 | D:9      | Killed a two-headed ogre
  9380 | D:9      | Found a broken altar of Ashenzari.
  9773 | D:10     | Entered Level 10 of the Dungeon
 10089 | D:10     | Noticed a gargoyle
 10097 | D:10     | Killed a gargoyle
 10209 | D:10     | Found a flagged portal.
 10216 | D:10     | Identified the +6 hand axe of Canag {holy, Int+7}
 10218 | D:10     | Identified the +8 hand axe of Vengeance {heavy, rCorr
                  | Stlth+}
 10229 | Bailey   | Entered a bailey
 10240 | Bailey   | Reached skill level 8 in Armour
 10402 | Bailey   | Reached skill level 9 in Armour
 10402 | Bailey   | Reached XP level 11. HP: 63/84 MP: 10/10
 10508 | Bailey   | Noticed Prince Ribbit
 10508 | Bailey   | Noticed a vault guard
 10512 | Bailey   | Killed Prince Ribbit
 10532 | Bailey   | Killed a vault guard
 10533 | Bailey   | Reached skill level 10 in Armour
 10607 | Bailey   | Noticed a vault guard
 10631 | Bailey   | Killed a vault guard
 10762 | D:10     | Reached ** piety under the Shining One
 10897 | D:10     | Found a staircase to the Orcish Mines.
 11163 | D:10     | Reached skill level 5 in Fighting
 12003 | D:11     | Reached *** piety under the Shining One
 12039 | D:11     | Found a gate leading to a gauntlet.
 12060 | Gauntlet | Entered a Gauntlet
 12060 | Gauntlet | Noticed a large abomination
 12060 | Gauntlet | Noticed a large abomination
 12060 | Gauntlet | Found a transporter.
 12060 | Gauntlet | Found a transporter.
 12060 | Gauntlet | Found a transporter.
 12083 | Gauntlet | Found a transporter.
 12085 | Gauntlet | Found a large runed translucent door.
 12086 | Gauntlet | Found a large runed translucent door.
 12087 | Gauntlet | Found a large runed translucent door.
 12087 | Gauntlet | Found a large runed translucent door.
 12087 | Gauntlet | Found a runed translucent door.
 12087 | Gauntlet | Found a runed translucent door.
 12088 | Gauntlet | Found a large runed translucent door.
 12089 | Gauntlet | Found a large runed translucent door.
 12090 | Gauntlet | Found a large runed translucent door.
 12090 | Gauntlet | Found a large runed translucent door.
 12091 | Gauntlet | Found a runed translucent gate.
 12091 | Gauntlet | Found a runed translucent gate.
 12091 | Gauntlet | Found a runed translucent gate.
 12093 | Gauntlet | Found a transporter.
 12097 | Gauntlet | Found a transporter.
 12103 | Gauntlet | Noticed a dire elephant
 12109 | Gauntlet | Found a transporter.
 12129 | Gauntlet | Found a transporter.
 12134 | Gauntlet | Found a transporter.
 12139 | Gauntlet | Noticed a hell hog
 12141 | Gauntlet | Found a large runed translucent door.
 12141 | Gauntlet | Found a large runed translucent door.
 12142 | Gauntlet | Found a large runed translucent door.
 12143 | Gauntlet | Found a large runed translucent door.
 12144 | Gauntlet | Found a large runed translucent door.
 12144 | Gauntlet | Found a large runed translucent door.
 12145 | Gauntlet | Found a large runed translucent door.
 12146 | Gauntlet | Found a large runed translucent door.
 12153 | Gauntlet | Found a transporter.
 12153 | Gauntlet | Found a transporter.
 12153 | Gauntlet | Noticed a fire crab
 12202 | Gauntlet | Found a transporter.
 12385 | Gauntlet | Killed a fire crab
 12392 | Gauntlet | Reached skill level 11 in Armour
 12640 | Gauntlet | Identified the +1 pair of boots of Peter {rC+ MP+9}
 12660 | Gauntlet | Killed a hell hog
 12660 | Gauntlet | Reached **** piety under the Shining One
 12661 | Gauntlet | Reached skill level 12 in Armour
 12661 | Gauntlet | Reached XP level 12. HP: 97/107 MP: 3/11
 12729 | Gauntlet | Identified the +0 morningstar "Darump" {protect, rElec
                  | rPois rC- rCorr}
 12729 | Gauntlet | Identified the ring of Nuimic {rCorr Int+5 Dex+2}
 12729 | Gauntlet | Noticed a minotaur
 12746 | Gauntlet | Killed a minotaur
 12762 | Gauntlet | Identified the +4 ring mail "Hixzem" {rPois rCorr}
 12764 | Gauntlet | Identified the +0 pair of gloves of the Lair of Beasts
                  | {Int+4}
 13007 | D:11     | Noticed a six-headed hydra
 13033 | D:11     | Killed a six-headed hydra
 13034 | D:11     | Reached skill level 13 in Armour
 13249 | D:11     | Noticed a two-headed ogre
 13259 | D:11     | Killed a two-headed ogre
 13447 | D:11     | Reached skill level 14 in Armour
 13712 | D:11     | Found a runed translucent door.
 13712 | D:11     | Noticed Wiggles's ghost (journeyman MiBe)
 14095 | Lair:1   | Entered Level 1 of the Lair of Beasts
 14240 | Lair:1   | Found a runed translucent gate.
 14240 | Lair:1   | Found a runed translucent gate.
 14286 | Lair:1   | Noticed a minotaur
 14287 | Lair:1   | Noticed tal's ghost (journeyman MiFi)
 14445 | Lair:1   | Found a runed translucent gate.
 14646 | Lair:1   | Reached skill level 15 in Armour
 15567 | Lair:2   | Reached skill level 16 in Armour
 16030 | Lair:2   | Found a staircase to the Shoals.
 16603 | Lair:2   | Reached skill level 17 in Armour
 16741 | Lair:2   | Found a glowing silver altar of Zin.
 16771 | Lair:2   | Reached XP level 13. HP: 110/112 MP: 4/12
 17478 | Lair:3   | Reached skill level 18 in Armour
 17850 | Lair:3   | Reached ***** piety under the Shining One
 18374 | Lair:3   | Found a staircase to the Snake Pit.
 19047 | Lair:3   | Reached skill level 19 in Armour
 19876 | Lair:4   | Identified the +1 ring mail of Loss {Int+3}
 19974 | Lair:5   | Entered Level 5 of the Lair of Beasts
 20183 | Lair:5   | Found a staircase to the Slime Pits.
 20183 | Lair:5   | Found a viscous altar of Jiyva.
 20683 | Lair:5   | Noticed Urug
 20726 | Lair:5   | Urug changed into Urug the jumping spider
 20726 | Lair:5   | Noticed Urug
 20899 | Lair:5   | Killed Urug the jumping spider
 21537 | Lair:5   | Reached skill level 15 in Maces & Flails
 21783 | Lair:5   | Reached XP level 14. HP: 85/120 MP: 13/13
 21931 | Lair:5   | HP: 3/120 [dire elephant (22)]
 21931 | Lair:5   | Slain by a dire elephant

Illustrated notes

Levels and vault maps discovered:
D:1:      dpeg_arrival_ternary, layout_loops_ring
D:2:      layout_loops_corners, basic_altar
D:3:      layout_basic, minmay_misc_feat_secret_circle
D:4:      layout_loops_ring
D:5:      layout_basic, chequers_temple_overflow_minitemple,
          minmay_temple_entry_offerings
D:6:      layout_gridville, mainiacjoe_overflow_swirl, grunt_ministairs_12,
          kennysheep_path_1, mrwooster_statue_mirror
D:7:      layout_layer_cave, mainiacjoe_overflow_catwalk, amcnicky_altar_gilded,
          mainiacjoe_overflow_catch_the_wave, serial_bayou_crossing, uniq_pikel
D:8:      layout_basic, okawaru_gym_becter, hangedman_abyss_or_decor_lesser_grid
D:9:      layout_loops_corners, nicolae_overflow_crystal_walls,
          ashenzari_conservatory_becter, erik_lair_island, serial_bayou,
          serial_bayou_pond_d, serial_bayou_ford_a, serial_bayou_pond_d,
          serial_bayou_pond_d, serial_bayou_pond_d, serial_bayou_lake_a
D:10:     layout_basic, david_orc_3, enter_bailey_2, special_room
          [special_room_orc]
D:11:     layout_long_grid, serial_ice, serial_ice_l, serial_ice_g,
          serial_ice_a, serial_ice_b, serial_ice_d, serial_ice_n, serial_ice_m,
          serial_ice_o, serial_ice_c, serial_ice_e, ebering_ghost_inner_flame,
          gauntlet_entry_generic, minmay_misc_feat_more_columns
Temple:   nicolae_temple_two_arcs
Lair:1:   layout_long_grid, maelrawn_ghost_gauntlet_escape
Lair:2:   layout_regular_city, minmay_shoals_entry_beasts, lemuel_centaur_altar
Lair:3:   layout_roguey, nicolae_snake_entry_squirm, lemuel_fruit_tree,
          grunt_megastairs_4, infiniplex_staircase_pool
Lair:4:   layout_layer_cave, lemuel_fruit_fields
Lair:5:   grunt_lair_end_beastmaster, layout_cave_shapes,
          minmay_slime_entry_pillars, uniq_urug

Skill      XL: |  1  2  3  4  5  6  7  8  9 10 11 12 13 |
---------------+----------------------------------------+-----
Maces & Flails | 2 3 4 5 7 9 12 14 15 | 15.6
Armour         | 2 6 7 9 12 17 19 | 19.3
Fighting       | 7 |  7.0
Throwing       | |  0.8
Dodging        | |  1.3
Spellcasting   | |  1.7
Translocations | |  3.0

Action                     |  1- 3 |  4- 6 |  7- 9 | 10-12 | 13-15 || total
---------------------------+-------+-------+-------+-------+-------++-------
  Melee: Mace              |    69 |       |       |       |       ||    69
         Tailslap          |    12 |    19 |    29 |   120 |   123 ||   303
         Whip              |    19 |   199 |    22 |       |       ||   240
         Punch             |     1 |     1 |       |     3 |     5 ||    10
         Headbutt          |       |     3 |    40 |   182 |   167 ||   392
         Quarterstaff      |       |       |   201 |   628 |   217 ||  1046
         Hand axe          |       |       |       |    29 |       ||    29
         Morningstar       |       |       |       |       |   264 ||   264
  Throw: Dart              |       |     1 |     7 |    19 |     1 ||    28
 Invoke: Divine Shield     |       |       |       |     1 |       ||     1
  Evoke: Wand              |       |       |     2 |    13 |     3 ||    18
         Condenser vane    |       |       |       |     1 |     1 ||     2
    Use: Scroll            |       |     7 |       |     7 |     4 ||    18
         Potion            |       |     1 |       |     1 |       ||     2
 Armour: Leather armour    |    20 |       |       |       |       ||    20
         Ring mail         |     2 |    54 |    74 |    34 |       ||   164
         Plate armour      |       |       |       |   136 |       ||   136
         Gold dragon scale |       |       |       |   159 |   405 ||   564
  Dodge: Dodged            |    37 |    47 |    61 |   161 |   186 ||   492
  Block: Other             |     9 |    21 |    42 |    72 |       ||   144
         Reflection        |       |     2 |       |     2 |       ||     4
